AoeStats
← Nelliel

Four Lakes

503238272Analyzed
2v2 RM · 1mo ago on Aug 30, 2026· 54m 8s· 4 players
Game mode
Random Map
Map size
Medium (4 player)
Population
200
Speed
Normal
Resources
Standard
Victory
Conquest
Starting age
Dark Age
Ending age
Imperial Age
RankedLock teamsTeams togetherTeam positionsShared explorationLock speedFull tech treeHidden civsTurbo modeCheats
Victory
Defeat
🇫🇷 Dravidians · France
816
+14
🇫🇷 Magyars · France
809
+15
🇫🇷 Malay · France
794
-15
🇫🇷 Britons · France
773
-26
Nelliel
5:27 Loom
12:24 Feudal Age
13:04 Double-Bit Axe
14:33 Fishing Lines
17:06 Gold Mining
17:01 Horse Collar
18:09 Wheelbarrow
20:58 Castle Age
19:19 Fletching
19:39 Padded Archer Armor
19:47 Scale Barding Armor
19:57 Town Watch
21:19 Stone Mining
22:21 Bow Saw
21:57 Crossbowman
23:00 Horse Collar
23:27 Pikeman
24:14 Husbandry
27:11 Hand Cart
27:56 Thumb Ring
32:51 Imperial Age
31:06 Forging
30:54 Bodkin Arrow
32:55 Conscription
33:14 Halberdier
33:54 Squires
38:13 Forging
AContinuousThrum
0:34 Loom
10:09 Feudal Age
14:27 Double-Bit Axe
15:51 Town Watch
20:40 Castle Age
20:26 Stone Mining
23:10 Horse Collar
29:23 Wheelbarrow
32:54 Town Patrol
34:25 Husbandry
43:43 Hand Cart
Niko
0:27 Loom
11:08 Feudal Age
11:52 Double-Bit Axe
13:17 Wheelbarrow
13:33 Gold Mining
17:15 Fishing Lines
22:51 Castle Age
23:00 Forging
22:51 Scale Mail Armor
23:46 Elite Skirmisher
24:56 Hand Cart
25:11 Gillnets
25:39 Bow Saw
26:29 Stone Mining
28:11 Padded Archer Armor
28:02 Fletching
30:17 Caravan
32:51 Murder Holes
35:51 Imperial Age
33:23 Pikeman
34:10 Squires
34:32 Medical Corps
34:34 Husbandry
37:36 Conscription
36:38 Elite Urumi Swordsman
39:06 Chemistry
44:18 Wootz Steel
44:59 Iron Casting
44:40 Chain Mail Armor
44:41 Leather Archer Armor
44:22 Bodkin Arrow
THYMA
0:41 Loom
10:42 Feudal Age
11:25 Double-Bit Axe
11:22 Horse Collar
21:13 Castle Age
19:20 Stone Mining
20:29 Gold Mining
22:03 Heavy Plow
22:18 Bow Saw
22:46 Gold Shaft Mining
26:14 Wheelbarrow
26:56 Light Cavalry
27:46 Bloodlines
27:54 Bloodlines
28:19 Husbandry
29:36 Scale Mail Armor
29:41 Scale Barding Armor
29:56 Hand Cart
32:03 Chain Barding Armor
35:22 Imperial Age
33:40 Caravan
35:54 Fletching
36:04 Padded Archer Armor
37:10 Chemistry
36:31 Ballistics
36:22 Masonry
35:52 Treadmill Crane
36:08 Murder Holes
36:00 Town Watch
36:58 Crop Rotation
37:36 Two-Man Saw
37:15 Recurve Bow
37:26 Town Patrol
39:10 Bodkin Arrow
39:30 Leather Archer Armor
40:15 Heavy Cavalry Archer
41:20 Parthian Tactics
41:49 Bracer
42:21 Ring Archer Armor
44:34 Plate Barding Armor
44:01 Capped Ram
47:34 Chain Mail Armor
53:10 Spies/Treason
Connection lost

Rejoining the realm…

Still unreachable

The connection could not be restored.

Session expired

The server has moved on; the page needs a fresh start.